 Dungeon Crawl Stone Soup version 0.26-a0-540-g8a0c9464d7 (webtiles) character file.

Game seed: 10483939395959139128

9483 kae the Carver (level 11, -7/77 HPs)
             Began as a Formicid Fighter on Aug 24, 2020.
             Was an Elder of Makhleb.
             Mangled by a wyvern (17 damage)
             ... on level 11 of the Dungeon.
             The game lasted 00:13:51 (10151 turns).

kae the Carver (Formicid Fighter)                  Turns: 10151, Time: 00:13:52

Health: -7/77      AC:  7    Str: 24    XL:     11   Next: 75%
Magic:  18/18      EV:  8    Int: 16    God:    Makhleb [****..]
Gold:   614        SH:  9    Dex: 10    Spells: 10/10 levels left

rFire    + . .     SeeInvis +   a - +3 long sword (freeze)
rCold    x . .     Faith    .   c - +0 kite shield
rNeg     . . .     Spirit   .   b - +1 scale mail
rPois    .         Reflect  .   (helmet unavailable)
rElec    .         Harm     .   (no cloak)
rCorr    .                      (no gloves)
MR       ++...                  (no boots)
Stlth    ..........             f - amulet of regeneration
HPRegen  0.62/turn              e - ring of protection from magic
MPRegen  0.16/turn              w - ring "Venwigg" {Fire Int+8}

@: no status effects
A: permanent stasis, dig shafts and tunnels, four strong arms, antennae 3
a: Dig, Shaft Self, Minor Destruction, Lesser Servant of Makhleb, Major
Destruction, Renounce Religion


You were on level 11 of the Dungeon.
You worshipped Makhleb.
Makhleb was greatly pleased with you.
You visited 1 branch of the dungeon, and saw 11 of its levels.
You also visited: Bailey.

You collected 614 gold pieces.

Inventory:

Hand Weapons
 a - a +3 long sword of freezing (weapon)
Armour
 b - a +1 scale mail (worn)
 c - a +0 kite shield (worn)
Jewellery
 e - a ring of protection from magic (left hand)
 f - an amulet of regeneration (around neck)
 n - an uncursed ring of fire
 o - an uncursed ring of flight
 w - the ring "Venwigg" (right hand) {Fire Int+8}
   (You found it on level 11 of the Dungeon)

   [ring of fire]

   It enhances your fire magic.
   It affects your intelligence (+8).
   It protects you from fire.
   It makes you vulnerable to cold.
 y - an uncursed ring of protection from cold
Wands
 l - a wand of iceblast (6)
 m - a wand of enslavement (12)
 t - a wand of paralysis (5)
Scrolls
 g - 5 scrolls of remove curse
 i - 2 scrolls of magic mapping
 j - 2 scrolls of amnesia
 u - a scroll of brand weapon
 x - a scroll of fog {unknown}
Potions
 d - 3 potions of might
 h - a potion of heal wounds
 k - 3 potions of cancellation
 p - 2 potions of resistance
 q - a potion of curing
 r - 2 potions of stabbing
 s - a potion of mutation
 v - a potion of magic


   Skills:
 - Level 4.0 Fighting
 * Level 14.8 Long Blades
 - Level 3.3 Armour
 - Level 3.7 Shields
 + Level 9.8 Invocations


You had 10 spell levels left.
You didn't know any spells.
Your spell library contained the following spells:

 Spells                   Type           Power        Failure   Level
 Shock                    Conj/Air       #...         88%         1
 Static Discharge         Conj/Air       #.......     99%         3
 Airstrike                Air            #.........   100%        4
 Lightning Bolt           Conj/Air       #.........   100%        5
 Swiftness                Air            Unusable     N/A         2

Dungeon Overview and Level Annotations

Branches:
Dungeon (11/15)            Temple (0/1) D:6            Lair (0/6) D:11
 Bailey (visited)
    Orc: D:9-12

Altars:
Cheibriados
Dithmenos
Fedhas
Makhleb
Okawaru
Qazlal
Uskayaw
Vehumet
Zin

Shops:
D:9 :


Innate Abilities, Weirdness & Mutations

You cannot be hasted, slowed, berserked, paralysed or teleported.
You can dig through walls and to a lower floor.
Your four strong arms can wield two-handed weapons with a shield.
You have a pair of large antennae on your head. (SInv)


Message History

You hit the wyvern but do no damage.
The wyvern is moderately wounded.
The wyvern barely misses you.
You riposte.
You hit the wyvern. You freeze the wyvern.
The wyvern is heavily wounded.
You block the wyvern's attack.
You closely miss the wyvern.
The wyvern is heavily wounded.
The wyvern bites you!
You hit the wyvern. You freeze the wyvern.
The wyvern is heavily wounded.
You block the wyvern's attack.
You closely miss the wyvern.
The wyvern is heavily wounded.
The wyvern bites you!
* * * LOW HITPOINT WARNING * * *
You closely miss the wyvern.
The wyvern is heavily wounded.
The wyvern bites you!
You die...

#.......>♣P.......#............
#......♣....P.P...###.....##.##
......♣.....♣....<..(.######.##
........PPP.P..........## #....
....P.♣♣...P.P.....<..#†###....
.............♣.'......##†##....
........P....###......###.##...
......†..♣.....#......# ##†#...
........#.....l@#......#
#.#....
#.......##.......#......#
###....
........#........#...... #..÷.
....... ########## ##...
....... ##... ...... #....
...... #.... {....^ #....
...... #....


You could see a wyvern.

Vanquished Creatures
  A two-headed ogre (D:10)
  2 ugly things
  A hippogriff (D:9)
  17 yaks
  A basilisk (D:11)
  5 orc warriors
  2 porcupines (D:11)
  4 black bears
  A necrophage (D:8)
  A phantom (D:7)
  An ice beast (D:10)
  An ogre (D:3)
  3 crocodiles (D:11)
  4 centaurs
  Blork the orc (D:4)
  3 bullfrogs
  8 gnoll sergeants (Bailey)
  A water moccasin zombie (D:7)
  A wyvern zombie (D:9)
  3 scorpions
  6 killer bees (D:8)
  9 howler monkeys
  A bullfrog zombie (D:9)
  A quasit (D:9)
  5 jellies
  6 orc priests
  6 hounds
  6 gnoll shamans (Bailey)
  6 bullfrog skeletons
  An iguana (D:7)
  Ijyb (D:4)
  7 orc wizards
  6 worker ants
  2 worker ant zombies (D:6)
  Robin (D:4)
  18 gnolls
  13 adders
  3 shadow imps
  An ufetubus (D:2)
  An adder zombie (D:7)
  A worm (D:2)
  A dart slug (D:1)
  2 leopard geckos (D:2)
  24 orcs
  2 ball pythons
  3 giant cockroaches
  13 goblins
  17 hobgoblins
  9 jackals
  3 kobolds (D:1)
  A quokka (D:2)
  5 bats
  A frilled lizard (D:4)
  6 rats
249 creatures vanquished.

Vanquished Creatures (others)
  3 bushes (D:11)
  A fungus (D:11)
  17 plants (D:11)
21 creatures vanquished.

Grand Total: 270 creatures vanquished

Notes
Turn   | Place    | Note
-------+----------+-------------------------------------------
     0 | D:1      | kae the Formicid Fighter began the quest for the Orb.
     0 | D:1      | Reached XP level 1. HP: 18/18 MP: 1/1
   139 | D:1      | Reached XP level 2. HP: 24/24 MP: 2/2
   488 | D:1      | Reached XP level 3. HP: 29/29 MP: 3/3
   678 | D:2      | Reached skill level 3 in Long Blades
   822 | D:2      | Reached XP level 4. HP: 27/37 MP: 4/4
  1084 | D:2      | Found a radiant altar of Vehumet.
  1379 | D:2      | Reached skill level 4 in Long Blades
  1791 | D:3      | Reached XP level 5. HP: 42/42 MP: 5/5
  2066 | D:3      | Noticed an ogre
  2077 | D:3      | Reached skill level 5 in Long Blades
  2445 | D:3      | Found a snail-covered altar of Cheibriados.
  2510 | D:4      | Reached XP level 6. HP: 48/48 MP: 6/6
  2612 | D:4      | Noticed Blork the orc
  2618 | D:4      | Killed Blork the orc
  2618 | D:4      | Reached skill level 6 in Long Blades
  2769 | D:4      | Noticed Ijyb
  2788 | D:4      | Killed Ijyb
  2885 | D:4      | Reached XP level 7. HP: 53/54 MP: 7/7
  2952 | D:4      | Noticed Robin
  2988 | D:4      | Killed Robin
  3029 | D:4      | Found a stormy altar of Qazlal.
  3037 | D:4      | Found a burning altar of Makhleb.
  3082 | D:4      | Reached skill level 7 in Long Blades
  3196 | D:4      | Became a worshipper of Makhleb the Destroyer
  4047 | D:5      | Entered Level 5 of the Dungeon
  4252 | D:5      | You fall into a shaft and drop 1 floor!
  4268 | D:6      | Reached skill level 8 in Long Blades
  4312 | D:6      | Found a staircase to the Ecumenical Temple.
  4403 | D:6      | Reached XP level 8. HP: 53/60 MP: 8/8
  4535 | D:6      | Found a glowing silver altar of Zin.
  4535 | D:6      | Noticed an angel
  4767 | D:7      | Found a hide-covered altar of Uskayaw.
  4788 | D:7      | Reached skill level 9 in Long Blades
  5472 | D:7      | Reached skill level 10 in Long Blades
  5522 | D:7      | Reached XP level 9. HP: 62/65 MP: 9/9
  6049 | D:8      | Reached * piety under Makhleb
  6049 | D:8      | Reached skill level 1 in Invocations
  6245 | D:8      | Found a shadowy altar of Dithmenos.
  6394 | D:8      | Reached skill level 11 in Long Blades
  6937 | D:9      | Found a flagged portal.
  6962 | Bailey   | Entered a bailey
  7394 | Bailey   | Reached ** piety under Makhleb
  7565 | Bailey   | Reached skill level 5 in Invocations
  7570 | Bailey   | Reached XP level 10. HP: 54/70 MP: 13/13
  7604 | Bailey   | Reached skill level 12 in Long Blades
  7747 | Bailey   | Found the +6 lightning scales {run, rElec}
  8052 | D:9      | Found Momuel's Book Boutique.
  8193 | D:9      | Found an iron altar of Okawaru.
  8466 | D:9      | Reached skill level 13 in Long Blades
  8547 | D:10     | Entered Level 10 of the Dungeon
  8547 | D:10     | Noticed a two-headed ogre
  8554 | D:9      | Reached *** piety under Makhleb
  8617 | D:10     | Noticed a cyan ugly thing
  8622 | D:10     | Killed a two-headed ogre
  8653 | D:9      | Killed a cyan ugly thing
  8806 | D:10     | Reached XP level 11. HP: 77/77 MP: 16/16
  8930 | D:10     | Found a blossoming altar of Fedhas.
  9351 | D:11     | Noticed a five-headed hydra
  9455 | D:11     | Reached skill level 14 in Long Blades
  9514 | D:11     | Reached **** piety under Makhleb
  9569 | D:11     | Noticed a green ugly thing
  9593 | D:11     | Killed a green ugly thing
  9863 | D:11     | Got a pitted tin ring
  9865 | D:11     | Identified the ring "Venwigg" {Fire Int+8} (You found it on
                  | level 11 of the Dungeon)
  9885 | D:11     | Found a staircase to the Lair.
 10151 | D:11     | Mangled by a wyvern

Illustrated notes

Levels and vault maps discovered:
D:1:      psy_arrival_fountain, layout_loops_cross
D:2:      minmay_wonky_spiral, layout_basic, lemuel_doored_altar, minmay_unequal
D:3:      layout_loops_corners, cheibriados_altar_1
D:4:      layout_gridville, minitemple, uniq_blork_the_orc, uniq_ijyb,
          uniq_robin
D:5:      layout_layer_cave, tgw_trog
D:6:      layout_rooms, zin_angel, minmay_temple_entry_purple_smoke
D:7:      layout_layer_cave, eat_drink_and_be_merry_uskayaw
D:8:      layout_loops_ring, overflow_temple_1_default, grunt_ministairs_7
D:9:      layout_roguey, serial_shops, shop_fountains, basic_altar,
          enter_bailey_1
D:10:     layout_loops_ring, serial_glass, glass_columns_b, glass_columns_a,
          glass_columns_b, glass_columns_a, fedhas_altar_2
D:11:     layout_gridville, minmay_lair_entry_grove,
          minmay_orc_entry_guard_dogs, corexii_mini_fake_secret_closet

Skill      XL: |  1  2  3  4  5  6  7  8  9 10 11 |
---------------+----------------------------------+-----
Long Blades    | 3 4 5 6 8 10 11 13 14 | 14.8
Fighting       | 4 |  4.0
Invocations    | 5 7 9 |  9.8
Armour         | |  3.3
Shields        | |  3.7

Action                   |  1- 3 |  4- 6 |  7- 9 | 10-12 || total
-------------------------+-------+-------+-------+-------++-------
Melee: Long sword        |    82 |   120 |   410 |   424 ||  1036
 Abil: Dig               |     1 |     7 |     7 |    12 ||    27
  Use: Scroll            |       |    11 |     7 |     6 ||    24
       Potion            |       |     3 |     2 |     5 ||    10
Armor: Scale mail        |    29 |    29 |    84 |    61 ||   203
       Skin              |       |       |       |     1 ||     1
Dodge: Dodged            |    28 |    26 |   101 |    71 ||   226
Block: Kite shield       |    52 |    49 |   166 |   125 ||   392
       Rpst.: Long sword |     6 |    11 |    31 |    24 ||    72

Table legend: (Time is in decaauts)
 A = Elapsed time spent in this place.
 B = Non-inter-level travel time spent in this place.
 C = Inter-level travel time spent in this place.
 D = Time resting spent in this place.
 E = Time spent auto-exploring this place.
 F = Levels seen in this place.
 G = Mean time per level.
                   A        B        C        D        E       F      G
               +--------+--------+--------+--------+--------+-----+--------+
         Total |  10115 |   9669 |    446 |   1574 |   5776 |  12 |  842.9 |
       Dungeon |   9169 |   8723 |    446 |   1267 |   5536 |  11 |  833.5 |
        Bailey |    946 |    946 |      0 |    306 |    240 |   1 |  946.0 |
               +--------+--------+--------+--------+--------+-----+--------+

Top non-repeatable levels by time:
     D:7: 1337 daAuts
     D:3: 1314 daAuts
     D:4: 1070 daAuts
     D:2: 1049 daAuts
     D:8: 973 daAuts
  Bailey: 946 daAuts
     D:9: 789 daAuts
    D:11: 726 daAuts
     D:1: 683 daAuts
    D:10: 649 daAuts
     D:6: 369 daAuts
     D:5: 205 daAuts
